 Dungeon Crawl Stone Soup version 0.31-a0-949-g57150269e1 (webtiles) character file.

Game seed: 14905925972602151988

37456 pokeman the Eclecticist (level 13, -7/72 HPs)
             Began as a Deep Elf Hedge Wizard on Oct 22, 2023.
             Was a High Priest of Vehumet.
             Mangled by a cane toad (11 damage)
             ... on level 4 of the Lair of Beasts.
             The game lasted 00:59:35 (19613 turns).

pokeman the Eclecticist (Deep Elf Hedge Wizard)    Turns: 19613, Time: 00:59:36

Health: -7/72      AC: 19    Str:  7    XL:     13   Next: 58%
Magic:  16/38      EV: 10    Int: 31    God:    Vehumet [*****.]
Gold:   1719       SH:  0    Dex: 14    Spells: 34/50 levels left

rFire   . . .        q - +8 dagger "Enuitif" {pain, rN++}
rCold   . . .        (no shield)
rNeg    + + .        L - +0 swamp dragon scales
rPois   +            R - +0 helmet
rElec   .            p - +1 cloak
rCorr   .            (no gloves)
SInv    .            P - +2 pair of boots
Will    +....        M - amulet of regeneration
Stlth   ++           m - +4 ring of protection
HPRegen 1.12/turn    x - +6 ring of intelligence
MPRegen 0.26/turn

%: no passive effects
@: no status effects
A: no striking features
a: Renounce Religion


You were on level 4 of the Lair of Beasts.
You worshipped Vehumet.
Vehumet was extremely pleased with you.
You visited 3 branches of the dungeon, and saw 17 of its levels.
You also visited: Ice Cave.

You collected 2083 gold pieces.
You spent 364 gold pieces at shops.

Inventory:

Hand Weapons
 q - the +8 dagger "Enuitif" (weapon) {pain, rN++}
   (You found it on level 3 of the Dungeon)

   rN++:      It greatly protects you from negative energy.
Missiles
 H - 7 curare-tipped darts
Armour
 a - the +0 cloak of the Snake Pit {-Tele Regen+ Int+3}
   (You found it on level 3 of the Lair of Beasts)

   Int+3:     It affects your intelligence (+3).
   -Tele:     It prevents most forms of teleportation.
   Regen+:    It increases your rate of health regeneration.
 p - a +1 cloak (worn)
 L - +0 swamp dragon scales (worn)
 P - a +2 pair of boots (worn)
 Q - a +0 buckler
 R - a +0 helmet (worn)
Jewellery
 m - a +4 ring of protection (left hand)
 x - a +6 ring of intelligence (right hand)
 M - an amulet of regeneration (around neck)
Wands
 Z - a wand of light (3)
Scrolls
 g - 7 scrolls of teleportation
 k - 3 scrolls of revelation
 l - a scroll of amnesia
 n - 3 scrolls of enchant armour
 o - 5 scrolls of fear {unknown}
 u - a scroll of brand weapon {unknown}
 w - 2 scrolls of enchant weapon {unknown}
 A - 2 scrolls of vulnerability {unknown}
 C - a scroll of silence {unknown}
 D - a scroll of noise {unknown}
 E - a scroll of torment {unknown}
 F - a scroll of immolation {unknown}
 J - 3 scrolls of blinking {unknown}
 Y - 2 scrolls of poison {unknown}
Potions
 c - a potion of berserk rage {unknown}
 d - 3 potions of magic
 e - 5 potions of curing
 f - 5 potions of haste
 j - 2 potions of lignification {unknown}
 t - 2 potions of heal wounds {unknown}
 z - 3 potions of enlightenment {unknown}
 I - a potion of ambrosia {unknown}
 T - 3 potions of might {unknown}
Miscellaneous
 b - a phial of floods
 h - a phantom mirror
 X - a lightning rod (4/4)


   Skills:
 - Level 5.0 Fighting
 - Level 5.0 Armour
 - Level 3.0 Dodging
 - Level 3.0 Stealth
 + Level 4.6 Shields
 * Level 19.3 Spellcasting
 + Level 11.6 Conjurations
 - Level 1.1 Summonings
 - Level 11.0 Necromancy
 - Level 1.1 Translocations
 + Level 5.9 Fire Magic
 - Level 1.1 Air Magic
 - Level 1.2 Poison Magic
 - Level 1.0 Evocations


You had 34 spell levels left.
You knew the following spells:

 Your Spells              Type           Power      Damage    Failure   Level
a - Magic Dart            Conj           100%       1d8       1%          1
b - Mephitic Cloud        Conj/Pois/Air  56%        N/A       1%          3
c - Call Imp              Summ           72%        N/A       3%          2
d - Blink                 Tloc           72%        N/A       3%          2
e - Flame Wave            Conj/Fire      71%        2d16      1%          4
f - Sticky Flame          Conj/Fire      71%        2d8       1%          4

Your spell library contained the following spells:

 Spells                   Type           Power      Damage    Failure   Level
 Arcjolt                  Conj/Air       31%        1d41      2%          5
 Cigotuvi's Dreadful Rot  Necr/Pois/Air  100%       N/A       1%          2
 Momentum Strike          Conj/Tloc      100%       3d10      1%          2
 Searing Ray              Conj           100%       2d8       1%          2
 Dazzling Flash           Conj/Hex       100%       N/A       1%          3
 Inner Flame              Hex/Fire       48%        N/A       1%          3
 Animate Dead             Necr           78%        N/A       1%          4
 Fulminant Prism          Conj/Hex       30%        3d16      1%          4
 Agony                    Necr           78%        N/A       1%          5
 Lesser Beckoning         Tloc           72%        N/A       3%          2
 Slow                     Hex            100%       N/A       4%          1
 Teleport Other           Tloc           36%        N/A       8%          3
 Tukima's Dance           Hex            29%        N/A       12%         3
 Passage of Golubria      Tloc           36%        N/A       24%         4
 Yara's Violent Unravell  Hex/Tmut       14%        3d7       28%         5
 Summon Forest            Summ/Tloc      18%        N/A       56%         5
 Silence                  Hex/Air        16%        N/A       65%         5
 Haunt                    Necr/Summ      30%        N/A       95%         7
 Infestation              Necr           39%        N/A       96%         8


Dungeon Overview and Level Annotations

Branches:
Dungeon (12/15)            Temple (1/1) D:4            Lair (4/5) D:11
  Swamp (0/4) Lair:2       Spider (0/4) Lair:3          Orc (0/2) D:12
  IceCv (visited)
  Slime: Lair:4-5

Altars:
Ashenzari
Cheibriados
Dithmenos
Elyvilon
Fedhas
Gozag
Hepliaklqana
Kikubaaqudgha
Makhleb
Nemelex Xobeh
Okawaru
Qazlal
Ru
Sif Muna
Trog
Uskayaw
Vehumet
Wu Jian
Xom
Yredelemnul
Zin
The Shining One

Shops:
D:5 :   D:6 !?([   D:7 *   D:12 [

Annotations:
D:11 1 runed translucent door, bakla's ghost, journeyman DEHu


Message History

The elephant is almost dead.
The flame wave engulfs the cane toad!
The cane toad is moderately wounded.
You finish channelling waves of flame.
You hear a loud, deep croak!
The elephant tramples you but does no damage.
The elephant barely misses you.
Unknown command.
Casting: Flame Wave (safe; 1% risk of failure)
Confirm with . or Enter, or press ? or * to list all spells.
Aiming: Mephitic Cloud (safe; 1% risk of failure)
Press: ? - help, Shift-Dir - straight line, f - elephant
Aim: an elephant (almost dead, chance to affect: 58%)
Okay, then.
Unknown command.
Casting: Mephitic Cloud (safe; 1% risk of failure)
Confirm with . or Enter, or press ? or * to list all spells.
Casting: Flame Wave (safe; 1% risk of failure)
Press: ? - help, Dir - look around, f - activate A wave of flame ripples out!
The flame wave engulfs the elephant!
You kill the elephant!
Vehumet accepts your kill.
You feel your power returning. (Press . to intensify the flame waves.)
A komodo dragon comes into view.
An elephant comes into view.
A wave of flame ripples out!
The flame wave engulfs the cane toad!
The cane toad is heavily wounded.
The cane toad stings you!
* * * LOW HITPOINT WARNING * * *
Unknown command.
Unknown command.
A wave of flame ripples out!
The flame wave engulfs the cane toad!
The cane toad is severely wounded.
The flame wave engulfs the elephant!
The elephant is lightly wounded.
The flame wave engulfs the elephant!
The elephant is lightly wounded.
You hear a croak.
The cane toad stings you!
You die...

#.# .~≈
#..##.≈≈≈ ~
#...#.... ..
...... ...
##..... ....
####..#..#
...#
.....#...##..#
......##.<...#
......(@.†##.#
......(F†...#
.##....Y...##
####....Y..
#.Y.......
./#......#
....#####...
##..D ...


You could see 3 elephants and a cane toad.

Vanquished Creatures
  A reaper (IceCv)
  Josephine (D:11)
  2 hydras
  A two-headed ogre (D:11)
  Sonja (D:11)
  A skeletal warrior (D:12)
  A swamp dragon (Lair:2)
  2 lindwurms
  A deep elf pyromancer (D:10)
  An ugly thing (D:12)
  A cyclops (D:12)
  3 manticores
  An elephant (Lair:4)
  A black mamba (Lair:3)
  2 gargoyles
  Maggie (D:8)
  9 cane toads
  An ice statue (IceCv)
  Psyche (D:11)
  6 komodo dragons
  2 trolls
  Prince Ribbit (D:9)
  A hornet (Lair:3)
  11 blink frogs (Lair:2)
  7 dream sheep (Lair:3)
  A jumping spider (Lair:3)
  Sigmund (D:5)
  A slime creature (D:9)
  5 wraiths
  2 culicivoras (Lair:3)
  41 yaks
  3 wyverns
  2 basilisks
  A redback (Lair:3)
  6 death yak simulacra (IceCv)
  4 harpy simulacra (IceCv)
  4 vampire mosquitoes (D:12)
  3 acid dragons
  9 water moccasins
  2 hydra simulacra (IceCv)
  2 orc warriors
  7 black bears
  A sky beast (D:6)
  An ogre (D:6)
  6 centaurs
  4 wolves (Lair:2)
  3 phantoms
  11 bullfrogs
  A kobold brigand (D:8)
  5 scorpions
  2 cane toad simulacra (IceCv)
  7 two-headed ogre simulacra
  3 killer bees (D:11)
  4 elephant simulacra
  2 electric eels
  6 howler monkeys
  3 orc priests
  6 hounds
  A jelly (D:4)
  A centaur skeleton (D:3)
  A sleepcap (D:6)
  Natasha (thrice) (D:3)
  7 iguanas
  6 hell rats (Lair:3)
  8 orc wizards
  3 polar bear simulacra
  5 spriggan simulacra (IceCv)
  8 troll simulacra
  2 wolf simulacra (IceCv)
  3 adders
  2 naga simulacra
  3 shadow imps (D:5)
  7 white imps
  9 ufetubi
  A worm (D:2)
  A dart slug (D:3)
  44 orcs
  6 endoplasms
  4 giant cockroaches (D:1)
  9 hobgoblins
  13 kobolds
  A quokka (D:2)
  2 ball pythons
  A ball python skeleton (D:3)
  6 bats
  2 frilled lizards (D:2)
  A giant cockroach zombie (D:3)
  2 goblins
  A quokka skeleton (D:3)
  A quokka zombie (D:3)
  5 rats
388 creatures vanquished.

Vanquished Creatures (collateral kills)
  A two-headed ogre (D:10)
  Urug (D:11)
  A yak (D:10)
  Eustachio (D:4)
  A killer bee (D:11)
  An orc wizard (D:4)
  A ball python zombie (D:3)
  A goblin (D:4)
8 creatures vanquished.

Vanquished Creatures (others)
  A boulder beetle (D:11)
  A killer bee (D:11)
2 creatures vanquished.

Grand Total: 398 creatures vanquished

Notes
Turn   | Place    | Note
-------+----------+-------------------------------------------
     0 | D:1      | pokeman the Deep Elf Hedge Wizard began the quest for the
                  | Orb.
     0 | D:1      | Reached XP level 1. HP: 10/10 MP: 7/7
   259 | D:1      | Reached XP level 2. HP: 15/15 MP: 4/9
   917 | D:2      | You fall into a shaft and drop 2 floors!
  1110 | D:3      | Reached skill level 5 in Spellcasting
  1264 | D:2      | Reached XP level 3. HP: 20/20 MP: 0/11
  1268 | D:2      | Learned a level 3 spell: Mephitic Cloud
  1271 | D:2      | Learned a level 2 spell: Call Imp
  1274 | D:2      | Learned a level 2 spell: Blink
  1532 | D:2      | Found a faded altar of an unknown god.
  2008 | D:3      | Reached skill level 1 in Fighting
  2008 | D:3      | Reached skill level 1 in Armour
  2180 | D:3      | Noticed a +0 dagger
  2192 | D:3      | Noticed a +0 hand axe
  2216 | D:3      | Found a hide-covered altar of Uskayaw.
  2407 | D:3      | Noticed Natasha
  2440 | D:3      | Killed Natasha
  2441 | D:3      | Reached XP level 4. HP: 11/25 MP: 5/13
  2635 | D:3      | Identified the +8 dagger "Enuitif" {pain, rN++}
  2948 | D:3      | Noticed Natasha
  2951 | D:3      | Killed Natasha
  2952 | D:3      | Reached skill level 6 in Spellcasting
  2952 | D:3      | Reached XP level 5. HP: 18/29 MP: 10/15
  3730 | D:4      | Found a staircase to the Ecumenical Temple.
  3735 | Temple   | Entered the Ecumenical Temple
  3742 | Temple   | Became a worshipper of Vehumet
  4228 | D:4      | Reached skill level 1 in Necromancy
  4534 | D:4      | Noticed Eustachio
  4537 | D:4      | Noticed a black bear
  4544 | D:4      | Killed a black bear
  4545 | D:4      | Reached skill level 1 in Air Magic
  4545 | D:4      | Reached skill level 1 in Poison Magic
  4545 | D:4      | Reached XP level 6. HP: 21/34 MP: 7/17
  4550 | D:4      | Killed Eustachio
  4551 | D:4      | Reached skill level 7 in Spellcasting
  5268 | D:3      | Noticed Natasha
  5283 | D:3      | Killed Natasha
  5342 | D:5      | Identified the of Xetoennu
  5342 | D:5      | Entered Level 5 of the Dungeon
  5342 | D:5      | Found Hontag's Book Shoppe.
  5390 | D:5      | Reached XP level 7. HP: 34/39 MP: 12/20
  5490 | D:5      | Found a transporter.
  5643 | D:5      | Found a transporter.
  5891 | D:5      | Found a broken altar of Ashenzari.
  6148 | D:5      | Reached skill level 8 in Spellcasting
  6282 | D:5      | Noticed Sigmund
  6292 | D:5      | Killed Sigmund
  6532 | D:5      | Reached * piety under Vehumet
  6532 | D:5      | Offered knowledge of Shock by Vehumet.
  6538 | D:5      | Reached XP level 8. HP: 44/44 MP: 15/22
  6730 | D:6      | Found Dait's Weapon Boutique.
  6731 | D:6      | Found Saoheq's Distillery.
  6756 | D:6      | Found Duluonamm's Antique Armour Boutique.
  6761 | D:6      | Found Lilecrim's Magic Scroll Boutique.
  6863 | D:6      | Identified the +3 war axe of the Bedazzling Gods {heavy,
                  | rC- Int+8}
  6892 | D:6      | Found a stormy altar of Qazlal.
  6909 | D:6      | Reached skill level 9 in Spellcasting
  7081 | D:6      | Reached skill level 1 in Evocations
  7212 | D:6      | Reached skill level 5 in Conjurations
  7760 | D:6      | Reached skill level 10 in Spellcasting
  7760 | D:6      | Reached skill level 5 in Necromancy
  8280 | D:7      | HP: 1/44 [orc warrior/bolt of light (22)]
  8441 | D:7      | Found Zin's Purification Station.
  8462 | D:7      | Reached XP level 9. HP: 39/48 MP: 19/25
  8633 | D:7      | Found a glowing silver altar of Zin.
  8882 | D:7      | Found an ornate altar of the Wu Jian Council.
  9037 | D:7      | Reached skill level 11 in Spellcasting
  9377 | D:8      | Reached ** piety under Vehumet
  9393 | D:8      | Offered knowledge of Scorch by Vehumet.
  9519 | D:8      | Reached skill level 12 in Spellcasting
  9849 | D:8      | Noticed Maggie
 10209 | D:8      | Killed Maggie
 10210 | D:8      | Reached XP level 10. HP: 36/56 MP: 28/28
 10713 | D:9      | Noticed Prince Ribbit
 10734 | D:9      | Killed Prince Ribbit
 11000 | D:9      | Found a shadowy altar of Dithmenos.
 11029 | D:9      | Noticed a manticore
 11041 | D:9      | Killed a manticore
 11085 | D:9      | Reached skill level 13 in Spellcasting
 11260 | D:9      | Found a burning altar of Makhleb.
 11805 | D:9      | Identified the +8 orcbow of Tenacity {heavy, *Slow rN+
                  | rCorr Str+3}
 11862 | D:10     | Entered Level 10 of the Dungeon
 11921 | D:10     | Reached skill level 14 in Spellcasting
 12067 | D:10     | Offered knowledge of Inner Flame by Vehumet.
 12390 | D:10     | Noticed a two-headed ogre
 12403 | D:10     | Killed a two-headed ogre
 12425 | D:10     | Found a blossoming altar of Fedhas.
 12496 | D:10     | Noticed a deep elf pyromancer
 12529 | D:10     | Reached XP level 11. HP: 25/61 MP: 19/31
 12713 | D:10     | Killed a deep elf pyromancer
 13003 | D:11     | Noticed a two-headed ogre
 13011 | D:11     | Noticed Sonja
 13053 | D:11     | Noticed Urug
 13097 | D:11     | Killed Urug
 13207 | D:11     | Noticed Josephine
 13222 | D:11     | Noticed Psyche
 13389 | D:11     | Reached skill level 15 in Spellcasting
 13397 | D:11     | Reached *** piety under Vehumet
 13411 | D:11     | Killed a two-headed ogre
 13412 | D:11     | Reached skill level 5 in Armour
 13464 | D:11     | Killed Sonja
 13530 | D:11     | Noticed bakla's ghost (journeyman DEHu)
 13531 | D:11     | Found a runed translucent door.
 13547 | D:11     | Killed Psyche
 13734 | D:11     | Offered knowledge of Hailstorm by Vehumet.
 13865 | D:11     | Killed Josephine
 13866 | D:11     | Reached skill level 16 in Spellcasting
 13866 | D:11     | Reached skill level 10 in Necromancy
 13993 | D:11     | Noticed a boulder beetle
 14018 | D:11     | Killed a boulder beetle
 14097 | D:11     | Found a staircase to the Lair.
 14474 | D:5      | Bought a book of Flames for 364 gold pieces
 14479 | D:5      | Learned a level 4 spell: Flame Wave
 14658 | D:12     | Reached XP level 12. HP: 68/68 MP: 31/34
 14675 | D:12     | Found a frozen archway.
 14701 | IceCv    | Entered an ice cave
 14721 | IceCv    | Reached **** piety under Vehumet
 14770 | IceCv    | Learned a level 4 spell: Sticky Flame
 14780 | IceCv    | Reached skill level 5 in Fighting
 14864 | IceCv    | Offered knowledge of Brom's Barrelling Boulder by Vehumet.
 15009 | IceCv    | Reached skill level 10 in Conjurations
 15247 | IceCv    | Reached skill level 1 in Shields
 15322 | IceCv    | Noticed a reaper
 15334 | IceCv    | Reached ***** piety under Vehumet
 15348 | IceCv    | Killed a reaper
 15349 | IceCv    | Reached skill level 17 in Spellcasting
 15349 | IceCv    | Reached skill level 1 in Fire Magic
 15371 | IceCv    | Offered knowledge of Arcjolt by Vehumet.
 15570 | D:12     | Found Inwox's Armour Shoppe.
 15583 | D:12     | Found a staircase to the Orcish Mines.
 15679 | D:12     | Identified the +5 trident of Pitome {protect, Int+3}
 16233 | Lair:1   | Entered Level 1 of the Lair of Beasts
 16969 | Lair:2   | Reached skill level 18 in Spellcasting
 17122 | Lair:2   | Reached XP level 13. HP: 71/72 MP: 33/37
 17172 | Lair:2   | Found a staircase to the Swamp.
 17987 | Lair:3   | HP: 3/72 [black mamba (7)]
 17996 | Lair:3   | Reached skill level 5 in Fire Magic
 18190 | Lair:3   | Found a hole to the Spider Nest.
 18202 | Lair:3   | Identified 2 scrolls of acquirement
 18564 | Temple   | Identified the "Fiokkab" (You acquired it in the
                  | Ecumenical Temple)
 18564 | Temple   | Acquired 373 gold pieces
 18565 | Temple   | Acquired 576 gold pieces
 18755 | Lair:3   | Reached skill level 19 in Spellcasting
 18986 | Lair:3   | Identified the +0 cloak of the Snake Pit {-Tele Regen+
                  | Int+3}
 19612 | Lair:4   | HP: 3/72 [cane toad (17)]
 19613 | Lair:4   | Mangled by a cane toad

Illustrated notes

Levels and vault maps discovered:
D:1:      sevenhm_arrival_forest_fort_small_3, layout_rooms, minmay_tetromino_i4
D:2:      layout_rooms, basic_ecumenical_altar, kennysheep_nub
D:3:      layout_basic, dancing_weapons_uskayaw, dilly_guarded_unrand_morg
D:4:      minmay_spotlight, layout_basic, minmay_temple_entry_trees,
          uniq_eustachio
D:5:      gammafunk_wand_slinger, layout_cave_pods, lemuel_tele_altar,
          serial_shops, shop, uniq_sigmund
D:6:      layout_loops_corners, nicolae_qazlal_scattered_showers,
          minmay_shop_grid_forest
D:7:      layout_cave_pools, marbit_many_paths, zin_purify, grunt_ministairs_10
D:8:      layout_gridville, nicolae_water_bricks, uniq_maggie
D:9:      layout_loops_ring, lightli_temple_of_fire, grunt_dithmenos_smoke,
          small_chamber_with_monster, uniq_prince_ribbit1
D:10:     layout_irregular_city, mainiacjoe_overflow_alcove_4
D:11:     layout_cave_pods, grunt_lair_entry_orc_guard_hut,
          hellmonk_ghost_big_iron, uniq_josephine, uniq_psyche, uniq_sonja,
          uniq_urug
D:12:     layout_roguey, orc_0_dummy, serial_rivers,
          chequers_serial_rivers_room_a, chequers_serial_rivers_micro_c,
          chequers_serial_rivers_room_b, chequers_serial_rivers_room_a,
          chequers_serial_rivers_micro_d, chequers_serial_rivers_large_a,
          portal_ice_cave_entry_ice_simulacra, serial_shops,
          nicolae_shop_gibbet_a_chance
Temple:   eino_temple_lava
Lair:1:   layout_cave_shapes, serial_bayou_pond_c, grunt_megastairs_1
Lair:2:   layout_cave_shapes, minmay_swamp_entry_reptiles, serial_bayou_shore_a,
          lemuel_fruit_fields
Lair:3:   cheibrodos_lair_overgrown_chateau, layout_long_grid,
          spider_nest_entry_funnel_web
Lair:4:   statuecave_lemuel, layout_cave_pods, grunt_megastairs_4

Skill      XL: |  1  2  3  4  5  6  7  8  9 10 11 12 13 |
---------------+----------------------------------------+-----
Spellcasting   | 5 6 7 8 10 12 14 16 18 19 | 19.3
Conjurations   | 2 3 4 5 7 8 9 10 11 | 11.6
Fighting       | 1 2 3 4 5 |  5.0
Armour         | 1 3 4 5 |  5.0
Stealth        | 3 |  3.0
Dodging        | 3 |  3.0
Necromancy     | 1 2 3 5 7 8 10 11 | 11.0
Air Magic      | 1 |  1.1
Poison Magic   | 1 |  1.2
Evocations     | 1 |  1.0
Shields        | 3 4 |  4.6
Fire Magic     | 4 5 |  5.9
Summonings     | |  1.1
Translocations | |  1.1

Action                     |  1- 3 |  4- 6 |  7- 9 | 10-12 | 13-15 || total
---------------------------+-------+-------+-------+-------+-------++-------
  Melee: Dagger            |    16 |    19 |   104 |   148 |    22 ||   309
         Punch             |     1 |     2 |     3 |     1 |       ||     7
         Unarmed           |       |       |    15 |       |       ||    15
   Fire: Orcbow            |       |       |       |    86 |       ||    86
   Cast: Magic Dart        |   115 |    72 |   236 |   132 |     3 ||   558
         Mephitic Cloud    |     1 |     5 |    30 |    54 |     3 ||    93
         Blink             |       |     2 |     4 |     9 |       ||    15
         Call Imp          |       |     3 |     6 |    17 |       ||    26
         Flame Wave        |       |       |       |    53 |    31 ||    84
         Sticky Flame      |       |       |       |     5 |     1 ||     6
  Evoke: Wand              |       |       |     5 |    17 |       ||    22
         Lightning rod     |       |       |       |     4 |       ||     4
    Use: Scroll            |       |       |       |       |    15 ||    15
   Stab: Confused          |     1 |     2 |    10 |    14 |       ||    27
         Invisible         |       |       |     6 |       |       ||     6
 Armour: Robe              |    27 |    33 |   102 |   128 |       ||   290
         Skin              |       |       |     2 |       |       ||     2
         Acid dragon scale |       |       |       |   107 |       ||   107
         Swamp dragon scal |       |       |       |    37 |    80 ||   117
  Dodge: Dodged            |    33 |    24 |   123 |   187 |    52 ||   419

Table legend: (Time is in decaauts)
 A = Elapsed time spent in this place.
 B = Non-inter-level travel time spent in this place.
 C = Inter-level travel time spent in this place.
 D = Time resting spent in this place.
 E = Time spent auto-exploring this place.
 F = Levels seen in this place.
 G = Mean time per level.
                   A        B        C        D        E       F      G
               +--------+--------+--------+--------+--------+-----+--------+
         Total |  19838 |  18034 |   1804 |   1007 |  13123 |  18 | 1102.1 |
       Dungeon |  15798 |  14287 |   1511 |    830 |  10324 |  12 | 1316.5 |
        Temple |     45 |     36 |      9 |      0 |      0 |   1 |   45.0 |
          Lair |   3119 |   2836 |    283 |     59 |   2295 |   4 |  779.8 |
      Ice Cave |    874 |    874 |      0 |    118 |    504 |   1 |  874.0 |
               +--------+--------+--------+--------+--------+-----+--------+

Top non-repeatable levels by time:
     D:3: 2048 daAuts
     D:6: 1683 daAuts
    D:11: 1633 daAuts
     D:4: 1493 daAuts
  Lair:3: 1461 daAuts
     D:5: 1401 daAuts
    D:10: 1305 daAuts
     D:9: 1279 daAuts
     D:7: 1245 daAuts
     D:8: 1213 daAuts
  Lair:2: 985 daAuts
     D:2: 973 daAuts
     D:1: 888 daAuts
   IceCv: 874 daAuts
  Lair:1: 652 daAuts
